 Dungeon Crawl Stone Soup version 0.25.0-11-g1f837a76a1 (webtiles) character file.

Game seed: 221266927131319010

(classic levelgen) 218 EnegeticOcto the Skirmisher (level 5, 8/50 HPs)
             Began as a Hill Orc Air Elementalist on June 26, 2020.
             Was an Initiate of Beogh.
             Quit the game on level 4 of the Dungeon.
             The game lasted 00:07:08 (5363 turns).

EnegeticOcto the Skirmisher (HOAE)                  Turns: 5363, Time: 00:07:08

Health: 8/50       AC:  8    Str: 12    XL:     5   Next: 95%
Magic:  7/7        EV:  5    Int: 15    God:    Beogh [......]
Gold:   235        SH:  0    Dex: 11    Spells: 6/7 levels left

rFire    . . .     SeeInvis .   h - +0 hand axe
rCold    . . .     Gourm    .   (no shield)
rNeg     . . .     Faith    .   q - +0 chain mail
rPois    .         Spirit   .   (no helmet)
rElec    .         Reflect  .   (no cloak)
rCorr    .         Harm     .   (no gloves)
MR       .....                  (no boots)
Stlth    ..........             a - amulet of the acrobat
HPRegen  0.16/turn              (no ring)
MPRegen  0.10/turn              (no ring)

@: lethally poisoned (8 -> 0)
A: no striking features
a: Renounce Religion


You were on level 4 of the Dungeon.
You worshipped Beogh.
Beogh was noncommittal.
You were not hungry.

You visited 1 branch of the dungeon, and saw 4 of its levels.

You collected 235 gold pieces.

Inventory:

Hand Weapons
 d - a +0 whip
 h - a +0 hand axe (weapon)
 r - a +0 flail
Missiles
 i - 2 poisoned darts (quivered)
 k - a throwing net {!f}
Armour
 q - a +0 chain mail (worn)
Jewellery
 a - an amulet of the acrobat (around neck)
 p - an uncursed ring of fire
Scrolls
 b - a scroll of fog {!r}
 c - 3 scrolls of fear {unknown}
 f - a scroll of enchant weapon {unknown}
 g - 3 scrolls of teleportation {@r3 !r}
 j - 2 scrolls of enchant armour
 n - a scroll of blinking {unknown}
 o - a scroll of remove curse {unknown}
 s - 2 scrolls of amnesia {unknown}
 u - a scroll of magic mapping {unknown}
Potions
 m - a potion of brilliance
Comestibles
 e - 2 rations
 l - 4 chunks of flesh


   Skills:
 + Level 6.0 Fighting
 * Level 0.6 Axes
 - Level 1.5 Dodging
 - Level 1.5 Stealth
 - Level 1.5 Spellcasting
 - Level 1.0 Conjurations
 - Level 2.4 Air Magic
 + Level 2.5 Invocations


You had 6 spell levels left.
You knew the following spells:

 Your Spells              Type           Power        Failure   Level  Hunger
a - Shock                 Conj/Air       #...         99%         1    ##.....

Your spell library contained the following spells:

 Spells                   Type           Power        Failure   Level  Hunger
 Swiftness                Chrm/Air       #.......     100%        2    ###....
 Static Discharge         Conj/Air       #.......     100%        3    ####...
 Airstrike                Air            #.........   100%        4    #####..
 Lightning Bolt           Conj/Air       #.........   100%        5    ######.


Dungeon Overview and Level Annotations

Branches:
Dungeon (4/15)
 Temple: D:4-7

Altars:
Gozag

Annotations:
D:4 Sigmund


Message History

You are poisoned.
The worker ant poisons you!
You hit the worker ant but do no damage.
You feel sick.
The worker ant bites you but does no damage. x2
You closely miss the worker ant. The worker ant bites you.
You hit the worker ant.
The worker ant is lightly wounded.
You feel sick.
The worker ant bites you but does no damage.
You closely miss the worker ant.
The worker ant is lightly wounded.
The worker ant waves its antennae.
The worker ant bites you but does no damage. x2
You completely miss the worker ant.
The worker ant is lightly wounded.
You feel sick.
The worker ant bites you but does no damage.
You hit the worker ant but do no damage.
The worker ant is lightly wounded.
The worker ant bites you.
You are more poisoned.
The worker ant poisons you! The worker ant bites you.
You are more poisoned.
The worker ant poisons you!
You closely miss the worker ant.
The worker ant is lightly wounded.
You feel sick. The worker ant barely misses you. The worker ant bites you.
You are more poisoned.
The worker ant poisons you!
You hit the worker ant.
The worker ant is moderately wounded.
You feel sick.
The worker ant bites you but does no damage.
You closely miss the worker ant.
The worker ant is moderately wounded.
You feel sick.
The worker ant bites you but does no damage. x2
You hit the worker ant but do no damage.
The worker ant is moderately wounded.
You feel sick. The worker ant barely misses you.
You are too injured to fight recklessly!
You are too injured to fight recklessly!
You are too injured to fight recklessly!
You are too injured to fight recklessly!
You are too injured to fight recklessly!
You are too injured to fight recklessly!
You are too injured to fight recklessly!
You are too injured to fight recklessly!
You are too injured to fight recklessly!
You are too injured to fight recklessly!
You are too injured to fight recklessly!
You are too injured to fight recklessly!
You are too injured to fight recklessly!
You are too injured to fight recklessly!
You are too injured to fight recklessly!
Throwing (i - inventory. (/) - cycle)
i - 8 poisoned darts (quivered)
Press: ? - help, Shift-Dir - straight line, f - worker ant
Aim: a worker ant (moderately wounded)
You throw a poisoned dart.
The poisoned dart closely misses the worker ant.
You feel sick. The worker ant bites you.
Throwing (i - inventory. (/) - cycle)
i - 7 poisoned darts (quivered)
Press: ? - help, Shift-Dir - straight line, f/p - worker ant
Aim: a worker ant (moderately wounded)
You throw a poisoned dart.
The poisoned dart barely misses the worker ant.
You feel sick. The worker ant barely misses you.
The worker ant bites you but does no damage.
Throwing (i - inventory. (/) - cycle)
i - 6 poisoned darts (quivered)
Press: ? - help, Shift-Dir - straight line, f/p - worker ant
Aim: a worker ant (moderately wounded)
You throw a poisoned dart.
The poisoned dart barely misses the worker ant.
You feel sick.
The worker ant bites you but does no damage.
Throwing (i - inventory. (/) - cycle)
i - 5 poisoned darts (quivered)
Press: ? - help, Shift-Dir - straight line, f/p - worker ant
Aim: a worker ant (moderately wounded)
You throw a poisoned dart. The poisoned dart hits the worker ant.
The worker ant is moderately wounded.
You feel sick.
The worker ant bites you but does no damage.
Throwing (i - inventory. (/) - cycle)
i - 4 poisoned darts (quivered)
Press: ? - help, Shift-Dir - straight line, f/p - worker ant
Aim: a worker ant (moderately wounded)
You throw a poisoned dart.
The poisoned dart barely misses the worker ant.
You feel sick. The worker ant bites you.
* * * LOW HITPOINT WARNING * * *
Throwing (i - inventory. (/) - cycle)
i - 3 poisoned darts (quivered)
Press: ? - help, Shift-Dir - straight line, f/p - worker ant
Aim: a worker ant (moderately wounded)
You throw a poisoned dart. The poisoned dart hits the worker ant.
The worker ant is poisoned.
The worker ant is moderately wounded.
You feel sick. The worker ant bites you.
* * * LOW HITPOINT WARNING * * *
Okay, then.
Are you sure you want to abandon this character and quit the game? (Confirm with "yes".)

....... ... .(.....
#.# ....... ...
....... #.# # ##
....... ._..#..#
....... ###.#.#.(#
....... #..
#$.a..#..# .......
#...###@###..#
..(....
#............#
####.##
#............# #.
#............# .
#............###.#
.?
####...........#.##.
#...........#.#
#...........#.#
.............#.###..


You could see a worker ant (poisoned).

Vanquished Creatures
  9 adders
  4 river rats (D:3)
  3 worms (D:2)
  3 dart slugs
  A leopard gecko (D:4)
  7 orcs (D:3)
  5 giant cockroaches
  6 goblins
  11 hobgoblins
  6 kobolds
  2 ball pythons
  9 bats
  7 frilled lizards
  14 rats
87 creatures vanquished.

Vanquished Creatures (others)
  An orc (D:3)
  A bat (D:3)
2 creatures vanquished.

Grand Total: 89 creatures vanquished

Notes
Turn   | Place    | Note
-------+----------+-------------------------------------------
     0 | D:1      | EnegeticOcto the Hill Orc Air Elementalist began the quest
                  | for the Orb.
     0 | D:1      | Reached XP level 1. HP: 14/14 MP: 3/3
    19 | D:1      | Reached skill level 1 in Fighting
   367 | D:1      | Reached skill level 2 in Fighting
   367 | D:1      | Reached XP level 2. HP: 23/24 MP: 0/4
   994 | D:1      | Reached skill level 3 in Fighting
  1109 | D:1      | Reached XP level 3. HP: 22/31 MP: 5/5
  1696 | D:2      | Reached skill level 4 in Fighting
  1823 | D:2      | Reached XP level 4. HP: 39/40 MP: 6/6
  2363 | D:2      | Reached skill level 5 in Fighting
  2863 | D:3      | Became a worshipper of Beogh the Brigand
  2910 | D:3      | Reached XP level 5. HP: 40/48 MP: 1/7
  3356 | D:3      | Reached skill level 1 in Invocations
  4505 | D:3      | Reached skill level 2 in Invocations
  4921 | D:4      | Noticed Sigmund
  5138 | D:3      | Reached skill level 6 in Fighting
  5343 | D:4      | Found an opulent altar of Gozag.
  5363 | D:4      | Quit the game

Illustrated notes

Levels and vault maps discovered:
D:1:      eino_arrival_water_cross, layout_rooms, serial_forest,
          infiniplex_forest_lined_3, infiniplex_forest_corner_1,
          infiniplex_forest_lined_ring, infiniplex_forest_straight_4,
          infiniplex_forest_lined_4_way, infiniplex_forest_clump_cross,
          infiniplex_forest_clump_diagonal, minivault_26, grunt_decor_arrowhead,
          minmay_misc_feat_four_crosses
D:2:      layout_loops_ring, first_ration
D:3:      layout_basic, lightli_sewer_entry_pipes
D:4:      layout_basic, nicolae_gozag_cash_rules_everything_around_me,
          minmay_temple_entry_ruins, uniq_natasha, uniq_sigmund

Skill      XL: |  1  2  3  4  5 |
---------------+----------------+-----
Fighting       | 2 3 4 5 6 |  6.0
Invocations    | 2 |  2.5
Axes           | |  0.6
Dodging        | |  1.5
Stealth        | |  1.5
Spellcasting   | |  1.5
Conjurations   | |  1.0
Air Magic      | |  2.4

Action                   |  1- 3 |  4- 6 || total
-------------------------+-------+-------++-------
Melee: Whip              |    78 |   107 ||   185
       Unarmed           |     5 |       ||     5
       Flail             |       |   179 ||   179
       Hand axe          |       |    22 ||    22
Throw: Dart              |    10 |    32 ||    42
 Cast: Shock             |    44 |    22 ||    66
Invok: Convert to Beogh  |       |     1 ||     1
  Use: Scroll            |     4 |       ||     4
       Potion            |       |     3 ||     3
 Stab: Sleeping          |     1 |     2 ||     3
  Eat: Chunk             |     1 |     9 ||    10
       Ration            |     1 |     1 ||     2
Armor: Robe              |     2 |       ||     2
       Leather armour    |     5 |    33 ||    38
       Chain mail        |       |   163 ||   163
Dodge: Dodged            |    55 |   185 ||   240
